 Dungeon Crawl Stone Soup version 0.31-a0-823-ga682863bf0 (webtiles) character file.

Game seed: 3949566468700291529

45799 qw the Fighter (level 14, -40/96 HPs)
             Began as a Gargoyle Hunter on Sept 23, 2023.
             Was an Elder of Okawaru.
             Annihilated by an enormous slime creature (53 damage)
             ... on level 12 of the Dungeon.
             The game lasted 00:09:24 (17629 turns).

qw the Fighter (Gargoyle Hunter)                   Turns: 17629, Time: 00:09:25

Health: -40/96     AC: 25    Str: 14    XL:     14   Next: 34%
Magic:  21/21      EV: 23    Int:  9    God:    Okawaru [****..]
Gold:   1093       SH:  0    Dex: 23    Spells: 13/13 levels left

rFire   . . .        Y - +3 shortbow (flame)
rCold   . . .        (shield currently unavailable)
rNeg    + . .        e - +0 troll leather armour
rPois   inf          c - +0 helmet
rElec   +            u - scarf {repulsion}
rCorr   .            n - +2 pair of gloves
SInv    +            a - +1 pair of boots of Ceupneov {+Blink Will+ SInv}
Will    +++++        (no amulet)
Stlth   +++          q - ring "Voymuj" {Fly Will+++ Int-3 SInv}
HPRegen 1.16/turn    l - +6 ring of dexterity
MPRegen 0.17/turn

%: repel missiles
@: heroic, flying
A: sickness immunity, AC +10, big wings, negative energy resistance 1,
electricity resistance, torment resistance 1, petrification resistance,
iridescent scales 1
a: Renounce Religion, Evoke Blink, Heroism, Finesse


You were on level 12 of the Dungeon.
You worshipped Okawaru.
Okawaru was greatly pleased with you.
You visited 3 branches of the dungeon, and saw 18 of its levels.

You collected 1209 gold pieces.
You spent 116 gold pieces at shops.


Innate Abilities, Weirdness & Mutations

You are immune to sickness and miasma.
Your stone body is resilient. (AC +10)
You are immune to poison.
Your large and strong wings let you fly.
You resist negative energy. (rN+)
You are resistant to electric shocks. (rElec)
You are resistant to unholy torment.
You are immune to petrification.
You are partially covered in iridescent scales. (AC +2)


   Skills:
 + Level 14.1(19.1) Fighting
 - Level 14.0(19.0) Ranged Weapons
 - Level 9.0(14.0) Armour
 - Level 9.5(14.5) Dodging
 - Level 1.1(6.1) Stealth
 - Level 10.1 Invocations


You had 13 spell levels left.
You didn't know any spells.
Your spell library was empty.

Inventory:

Hand Weapons
 Y - a +3 shortbow of flaming (weapon)
Armour
 a - the +1 pair of boots of Ceupneov (worn) {+Blink Will+ SInv}
   (You acquired it on level 5 of the Dungeon)

   Will+:     It increases your willpower.
   SInv:      It lets you see invisible.
   +Blink:    It lets you blink.
 c - a +0 helmet (worn)
 e - a +0 troll leather armour (worn)
 k - a +0 cloak
 n - a +2 pair of gloves (worn)
 t - a +0 robe of fire resistance
 u - a scarf of repulsion (worn)
Jewellery
 l - a +6 ring of dexterity (right hand)
 m - a ring of protection from cold
 q - the ring "Voymuj" (left hand) {Fly Will+++ Int-3 SInv}
   (You found it on level 5 of the Dungeon)

   [ring of see invisible]

   Int-3:     It affects your intelligence (-3).
   Will+++:   It greatly increases your willpower.
   SInv:      It lets you see invisible.
   Fly:       It grants you flight.
Wands
 f - a wand of digging (2)
Scrolls
 r - 11 scrolls of identify
Potions
 b - 3 potions of enlightenment
 d - 5 potions of mutation
 g - 3 potions of haste
 h - 2 potions of resistance
 i - a potion of cancellation
 j - 5 potions of curing
 p - a potion of magic

Dungeon Overview and Level Annotations

Branches:
Dungeon (12/15)            Temple (1/1) D:4            Lair (5/5) D:8
 Shoals (0/4) Lair:3        Snake (0/4) Lair:3        Slime (0/5) Lair:5
    Orc (0/2) D:9

Altars:
Ashenzari
Cheibriados
Dithmenos
Elyvilon
Fedhas
Gozag
Hepliaklqana
Kikubaaqudgha
Makhleb
Nemelex Xobeh
Okawaru
Qazlal
Ru
Sif Muna
Trog
Uskayaw
Vehumet
Wu Jian
Xom
Yredelemnul
Zin
The Shining One
Jiyva

Shops:
D:4 !*![


Message History

You shoot an arrow.
The arrow hits the enormous slime creature.
The arrow burns the enormous slime creature.
The enormous slime creature is moderately wounded.
The enormous slime creature barely misses you.
You shoot an arrow.
The arrow hits the enormous slime creature.
The arrow burns the enormous slime creature.
The enormous slime creature is moderately wounded.
The enormous slime creature barely misses you.
You shoot an arrow.
The arrow hits the enormous slime creature!!
The arrow burns the enormous slime creature!
The enormous slime creature is heavily wounded.
You shoot an arrow.
The arrow hits the enormous slime creature.
The arrow burns the enormous slime creature.
The enormous slime creature is heavily wounded.
The enormous slime creature closely misses you.
You shoot an arrow.
The arrow hits the enormous slime creature.
The arrow burns the enormous slime creature.
The enormous slime creature is heavily wounded.
The enormous slime creature barely misses you.
You shoot an arrow.
The arrow hits the enormous slime creature.
The arrow burns the enormous slime creature.
The enormous slime creature is heavily wounded.
The enormous slime creature closely misses you.
You shoot an arrow.
The arrow hits the enormous slime creature.
The arrow burns the enormous slime creature.
The enormous slime creature is heavily wounded.
You shoot an arrow.
The arrow hits the enormous slime creature!
The arrow burns the enormous slime creature.
The enormous slime creature is severely wounded.
The enormous slime creature hits you!!!
Ouch! That really hurt!
You die...

......#
#...####...............
....... ##..##
#............... .......
##...(## #...............
..##......###...............
..#........#................
..............#.............
..............####......(...
........##...## ###........
........###@## #.......#
........###J# ##.......
.>......##..# #.......
.........#%.## ##......
.............# ##......
.............## ##.......
..^...........######........
...........%................
............................


You could see an enormous slime creature.

Vanquished Creatures
  A catoblepas (D:11)
  3 hydras
  3 two-headed ogres
  11 death yaks
  Urug (Lair:2)
  A salamander (Lair:3)
  8 elephants (Lair:2)
  5 black mambas
  2 torpor snails
  A gargoyle (D:11)
  9 cane toads
  An unseen horror (D:11)
  6 komodo dragons
  3 rime drakes
  A kobold demonologist (D:10)
  4 polar bears (Lair:5)
  3 trolls
  6 hornets
  A snapping turtle (Lair:3)
  16 dream sheep
  2 slime creatures (D:12)
  3 blink frogs (Lair:1)
  A wraith (D:9)
  9 spriggans (Lair:5)
  A shadow (D:11)
  32 yaks
  2 wyverns
  2 steam dragons
  A basilisk (Lair:5)
  3 nagas (Lair:3)
  3 acid dragons
  13 water moccasins
  An orc warrior (D:9)
  2 sky beasts
  7 black bears
  3 ogres
  2 ice beasts
  35 wolves
  4 boggarts (Lair:5)
  2 phantoms
  A kobold brigand (D:6)
  14 bullfrogs
  6 scorpions
  A gnoll sergeant (D:10)
  4 wights (D:6)
  6 killer bees (D:11)
  3 electric eels
  7 howler monkeys
  4 hounds
  5 jellies
  6 orc priests
  2 gnoll boudas
  Ijyb (D:4)
  2 iguanas
  3 sleepcaps
  6 orc wizards
  Robin (D:4)
  15 gnolls
  9 adders
  2 shadow imps
  A worm (D:2)
  2 dart slugs
  29 orcs
  7 endoplasms
  2 giant cockroaches
  16 goblins
  6 hobgoblins
  5 jackals
  17 kobolds
  A quokka (D:4)
  8 ball pythons
  A bat (D:2)
  2 frilled lizards (D:1)
  A rat (D:3)
410 creatures vanquished.

Notes
Turn   | Place    | Note
-------+----------+-------------------------------------------
     0 | D:1      | qw the Gargoyle Hunter began the quest for the Orb.
     0 | D:1      | Reached XP level 1. HP: 12/12 MP: 1/1
     0 | D:1      | 0 ||| qw: Version: 0.3-a-83-gcd0e7d8
     0 | D:1      | 0 ||| qw: Game counter: 1769
     0 | D:1      | 0 ||| qw: Melee chars always use a shield: true
     0 | D:1      | 0 ||| qw: God list: Okawaru
     0 | D:1      | 0 ||| qw: Allow faded altars: false
     0 | D:1      | 0 ||| qw: Do Orc after clearing Dungeon:15 true
     0 | D:1      | 0 ||| qw: Do second Lair branch before Depths: true
     0 | D:1      | 0 ||| qw: Lair rune preference: random
     0 | D:1      | 0 ||| qw: Goals: Normal
     0 | D:1      | 0 ||| PLANNING D:1-11
   130 | D:1      | Reached XP level 2. HP: 17/17 MP: 2/2
   268 | D:1      | Reached XP level 3. HP: 21/21 MP: 3/3
   626 | D:1      | 626 ||| READING scroll labelled EVUABORPHEO.
   627 | D:1      | 627 ||| READING scroll labelled BOELEKKUEM.
   628 | D:1      | 628 ||| DRINKING 2 smoky coppery potions.
   628 | D:1      | Gained mutation: You are partially covered in iridescent
                  | scales. (AC +2) [potion of mutation]
   629 | D:1      | 629 ||| DRINKING 3 brown potions.
   630 | D:1      | 630 ||| DROPPING scroll of butterflies.
   715 | D:2      | Reached skill level 3 in Fighting
   889 | D:2      | Reached XP level 4. HP: 28/28 MP: 4/4
  1143 | D:2      | 1143 ||| UPGRADING to +0 cloak.
  1148 | D:2      | 1148 ||| UPGRADING to ring of see invisible.
  1149 | D:2      | 1149 ||| UPGRADING to +6 ring of dexterity.
  1150 | D:2      | 1150 ||| READING scroll labelled XINANUL ZUCAU.
  1151 | D:2      | 1151 ||| READING scroll labelled WISMUN QU QAABOD.
  1169 | D:2      | 1169 ||| READING scroll labelled POYCOSTAME.
  1326 | D:3      | Found a faded altar of an unknown god.
  1489 | D:3      | Noticed a scorpion
  1496 | D:3      | Killed a scorpion
  1497 | D:3      | Reached skill level 6 in Ranged Weapons
  1497 | D:3      | Reached XP level 5. HP: 32/32 MP: 5/5
  1660 | D:3      | 1660 ||| RETREEAATING.
  1662 | D:3      | 1662 ||| Stepping ~*~*~tactically~*~*~ (retreating).
  1663 | D:3      | 1663 ||| Stepping ~*~*~tactically~*~*~ (retreating).
  1664 | D:3      | 1664 ||| Stepping ~*~*~tactically~*~*~ (retreating).
  1665 | D:3      | 1665 ||| Stepping ~*~*~tactically~*~*~ (retreating).
  1666 | D:3      | 1666 ||| Stepping ~*~*~tactically~*~*~ (retreating).
  1667 | D:3      | 1667 ||| Stepping ~*~*~tactically~*~*~ (retreating).
  1668 | D:3      | 1668 ||| Stepping ~*~*~tactically~*~*~ (retreating).
  1669 | D:3      | 1669 ||| Stepping ~*~*~tactically~*~*~ (retreating).
  1673 | D:3      | HP: 8/32 [gnoll/+3 spear of freezing[a gnoll bouda] (2)]
  1674 | D:3      | 1674 ||| DRINKING 4 potions of heal wounds.
  1681 | D:3      | Reached skill level 1 in Armour
  1684 | D:3      | HP: 6/32 [gnoll/+3 spear of freezing[a gnoll bouda] (4)]
  1685 | D:3      | 1685 ||| DRINKING 3 potions of heal wounds.
  1690 | D:3      | 1690 ||| FLEEEEING.
  1811 | D:3      | 1811 ||| DRINKING 2 metallic clear potions.
  1841 | D:4      | Noticed a phantom
  1841 | D:4      | Found Parad's Armour Boutique.
  1845 | D:4      | 1845 ||| STAIRDANCE
  1857 | D:3      | Reached XP level 6. HP: 37/37 MP: 6/6
  1916 | D:4      | 1916 ||| BUYING +0 ring mail (44 gold).
  1916 | D:4      | Bought a +0 ring mail for 44 gold pieces
  1916 | D:4      | 1916 ||| SHOPLISTING +2 robe of willpower (194 gold, have
                  | 72).
  1945 | D:4      | Noticed an ice beast
  1957 | D:4      | Killed an ice beast
  2038 | D:4      | Found Ruamutot's Distillery.
  2043 | D:4      | 2043 ||| SHOPLISTING 2 potions of mutation (192 gold, have
                  | 78).
  2043 | D:4      | 2043 ||| SHOPLISTING potion of cancellation (96 gold, have
                  | 78).
  2043 | D:4      | 2043 ||| BUYING potion of curing (36 gold).
  2043 | D:4      | Bought a potion of curing for 36 gold pieces
  2043 | D:4      | 2043 ||| BUYING potion of curing (36 gold).
  2043 | D:4      | Bought a potion of curing for 36 gold pieces
  2043 | D:4      | 2043 ||| SHOPLISTING potion of curing (36 gold, have 6).
  2043 | D:4      | 2043 ||| SHOPLISTING potion of heal wounds (60 gold, have
                  | 6).
  2091 | D:4      | Reached XP level 7. HP: 12/44 MP: 7/7
  2213 | D:4      | Found a staircase to the Ecumenical Temple.
  2214 | D:4      | 2214 ||| PLANNING TEMPLE
  2214 | D:4      | 2214 ||| UPGRADING to +0 ring mail.
  2224 | D:4      | 2224 ||| DROPPING +0 leather armour.
  2237 | Temple   | Entered the Ecumenical Temple
  2238 | Temple   | 2238 ||| PLANNING OKAWARU WORSHIP
  2247 | Temple   | Became a worshipper of Warmaster Okawaru
  2248 | Temple   | 2248 ||| PLANNING D:1-11
  2319 | D:4      | Found Morche's Distillery.
  2330 | D:4      | 2330 ||| SHOPLISTING potion of curing (39 gold, have 6).
  2330 | D:4      | 2330 ||| SHOPLISTING potion of haste (130 gold, have 6).
  2330 | D:4      | 2330 ||| SHOPLISTING potion of heal wounds (65 gold, have
                  | 6).
  2330 | D:4      | 2330 ||| SHOPLISTING potion of magic (104 gold, have 6).
  2330 | D:4      | 2330 ||| SHOPLISTING potion of might (52 gold, have 6).
  2330 | D:4      | 2330 ||| SHOPLISTING potion of mutation (104 gold, have 6).
  2330 | D:4      | 2330 ||| SHOPLISTING potion of resistance (130 gold, have
                  | 6).
  2418 | D:4      | Found Meemulif's General Store.
  2428 | D:4      | 2428 ||| SHOPLISTING +0 robe "Cazalof" {rN+ SInv} (209
                  | gold, have 19).
  2428 | D:4      | 2428 ||| SHOPLISTING +2 ring mail of poison resistance (234
                  | gold, have 19).
  2428 | D:4      | 2428 ||| SHOPLISTING scroll of identify (26 gold, have 19).
  2428 | D:4      | 2428 ||| SHOPLISTING scroll of teleportation (39 gold, have
                  | 19).
  2453 | D:4      | Noticed Robin
  2469 | D:4      | Killed Robin
  2748 | D:4      | Noticed Ijyb
  2753 | D:4      | Killed Ijyb
  2871 | D:4      | You fall into a shaft and drop 3 floors!
  2975 | D:7      | 2975 ||| UPGRADING to +0 helmet.
  2980 | D:7      | 2980 ||| UPGRADING to +0 pair of gloves.
  2985 | D:7      | 2985 ||| READING scroll labelled JUETEA JOFFOE.
  2986 | D:7      | 2986 ||| READING scroll labelled FAENE LYUNIJYS.
  2987 | D:7      | 2987 ||| DRINKING 2 cyan potions.
  2988 | D:7      | 2988 ||| DROPPING potion of brilliance.
  3123 | D:6      | 3123 ||| DROPPING amulet of guardian spirit.
  3124 | D:6      | 3124 ||| READING scroll labelled AMU EXTEOPUBLA.
  3133 | D:5      | Entered Level 5 of the Dungeon
  3137 | D:5      | 3137 ||| FLEEEEING.
  3138 | D:5      | 3138 ||| FLEEEEING.
  3139 | D:5      | 3139 ||| STAIRDANCE
  3340 | D:5      | 3340 ||| Stepping ~*~*~tactically~*~*~ (retreating).
  3344 | D:5      | Reached * piety under Okawaru
  3345 | D:5      | Reached XP level 8. HP: 34/48 MP: 8/8
  3415 | D:5      | Identified the ring "Voymuj" {Fly Will+++ Int-3 SInv}
  3498 | D:5      | Reached skill level 1 in Invocations
  3551 | D:5      | 3551 ||| INVOKING Heroism.
  3566 | D:5      | 3566 ||| INVOKING Heroism.
  3566 | D:5      | HP: 11/48 [orc priest/+2 heavy flail (6)]
  3567 | D:5      | 3567 ||| DRINKING 2 potions of heal wounds.
  3799 | D:5      | 3799 ||| UPGRADING to ring "Voymuj" {Fly Will+++ Int-3
                  | SInv}.
  3801 | D:5      | 3801 ||| DROPPING ring of see invisible.
  3802 | D:5      | 3802 ||| READING scroll labelled WAANEN CESONK.
  3805 | D:5      | 3805 ||| READING scroll labelled TURHUZ UCIF.
  3805 | D:5      | Identified a scroll of acquirement
  3805 | D:5      | 3805 ||| ACQUIRING +1 pair of boots of Ceupneov {+Blink
                  | Will+ SInv}
  3805 | D:5      | Acquired the +1 pair of boots of Ceupneov {+Blink Will+
                  | SInv}
  3807 | D:5      | 3807 ||| UPGRADING to +1 pair of boots of Ceupneov {+Blink
                  | Will+ SInv}.
  3812 | D:5      | 3812 ||| READING scroll labelled GUFEFU UGGE.
  3813 | D:5      | 3813 ||| READING scroll labelled VENYZEU VUPIALAGE.
  3814 | D:5      | 3814 ||| READING scroll labelled ZEHESH PYIR.
  3859 | D:6      | Reached skill level 3 in Armour
  3878 | D:6      | 3878 ||| INVOKING Heroism.
  3952 | D:6      | HP: 10/49 [wight/+0 morningstar (4)]
  3953 | D:6      | 3953 ||| DRINKING potion of heal wounds.
  3957 | D:6      | HP: 12/49 [wight/+4 long sword (10)]
  3962 | D:6      | Reached skill level 9 in Ranged Weapons
  4124 | D:6      | 4124 ||| INVOKING Heroism.
  4251 | D:6      | 4251 ||| INVOKING Heroism.
  4254 | D:6      | 4254 ||| RETREEAATING.
  4262 | D:6      | Reached skill level 6 in Fighting
  4296 | D:6      | Reached skill level 3 in Invocations
  4302 | D:6      | Reached XP level 9. HP: 53/55 MP: 11/11
  4443 | D:6      | 4443 ||| FLEEEEING.
  4445 | D:6      | 4445 ||| FLEEEEING.
  4446 | D:6      | 4446 ||| FLEEEEING.
  4447 | D:6      | 4447 ||| FLEEEEING.
  4448 | D:6      | 4448 ||| FLEEEEING.
  4649 | D:6      | 4649 ||| DRINKING 2 metallic silvery potions.
  4650 | D:6      | 4650 ||| DRINKING 2 smoky purple potions.
  4699 | D:6      | 4699 ||| DROPPING potion of lignification.
  4781 | D:7      | 4781 ||| INVOKING Heroism.
  4809 | D:7      | Noticed a hornet
  4816 | D:7      | 4816 ||| INVOKING Heroism.
  4818 | D:7      | Killed a hornet
  4819 | D:7      | Reached skill level 3 in Dodging
  5010 | D:7      | 5010 ||| INVOKING Heroism.
  5047 | D:7      | 5047 ||| INVOKING Heroism.
  5619 | D:7      | 5619 ||| READING scroll labelled WUOCOU JENATY.
  5620 | D:7      | 5620 ||| DRINKING 3 orange potions.
  5621 | D:7      | 5621 ||| DRINKING 2 fuming sapphire potions.
  5622 | D:7      | 5622 ||| DROPPING potion of degeneration.
  5679 | D:8      | 5679 ||| STAIRDANCE
  5723 | D:8      | Reached ** piety under Okawaru
  5724 | D:8      | 5724 ||| INVOKING Heroism.
  5734 | D:8      | 5734 ||| STAIRDANCE
  5803 | D:8      | 5803 ||| READING scroll of enchant armour.
  5803 | D:8      | 5803 ||| ENCHANTING +0 pair of gloves.
  6039 | D:8      | 6039 ||| INVOKING Heroism.
  6149 | D:8      | 6149 ||| Stepping ~*~*~tactically~*~*~ (retreating).
  6150 | D:8      | 6150 ||| Stepping ~*~*~tactically~*~*~ (retreating).
  6163 | D:8      | Reached XP level 10. HP: 54/63 MP: 13/13
  6169 | D:8      | 6169 ||| Stepping ~*~*~tactically~*~*~ (retreating).
  6170 | D:8      | 6170 ||| INVOKING Heroism.
  6256 | D:8      | Found a staircase to the Lair.
  6388 | D:8      | 6388 ||| RETREEAATING.
  6389 | D:8      | 6389 ||| STILL RETREEAATING.
  6390 | D:8      | 6390 ||| STILL RETREEAATING.
  6391 | D:8      | 6391 ||| STILL RETREEAATING.
  6392 | D:8      | 6392 ||| STILL RETREEAATING.
  6393 | D:8      | 6393 ||| STILL RETREEAATING.
  6418 | D:8      | 6418 ||| INVOKING Heroism.
  6787 | D:8      | Found a sparkling altar of Nemelex Xobeh.
  7185 | D:8      | 7185 ||| INVOKING Heroism.
  7187 | D:8      | 7187 ||| Stepping ~*~*~tactically~*~*~ (cloud).
  7207 | D:8      | 7207 ||| PLANNING LAIR
  7207 | D:8      | 7207 ||| DROPPING +0 pair of gloves of stealth.
  7241 | Lair:1   | Entered Level 1 of the Lair of Beasts
  7242 | Lair:1   | 7242 ||| PLANNING GAUNTLET
  7249 | Lair:1   | Noticed a cane toad
  7250 | Lair:1   | 7250 ||| INVOKING Heroism.
  7254 | Lair:1   | Killed a cane toad
  7255 | Lair:1   | Reached skill level 12 in Ranged Weapons
  7318 | Lair:1   | 7318 ||| INVOKING Heroism.
  7364 | Lair:1   | 7364 ||| RETREEAATING.
  7379 | Lair:1   | 7379 ||| RETREEAATING.
  7380 | Lair:1   | 7380 ||| STILL RETREEAATING.
  7381 | Lair:1   | 7381 ||| STILL RETREEAATING.
  7382 | Lair:1   | 7382 ||| STILL RETREEAATING.
  7386 | Lair:1   | 7386 ||| STILL RETREEAATING.
  7388 | Lair:1   | 7388 ||| Stepping ~*~*~tactically~*~*~ (retreating).
  7389 | Lair:1   | 7389 ||| Stepping ~*~*~tactically~*~*~ (retreating).
  7390 | Lair:1   | 7390 ||| Stepping ~*~*~tactically~*~*~ (retreating).
  7391 | Lair:1   | 7391 ||| Stepping ~*~*~tactically~*~*~ (retreating).
  7392 | Lair:1   | 7392 ||| Stepping ~*~*~tactically~*~*~ (retreating).
  7402 | Lair:1   | 7402 ||| INVOKING Heroism.
  7419 | Lair:1   | 7419 ||| INVOKING Heroism.
  7435 | Lair:1   | Reached *** piety under Okawaru
  7441 | Lair:1   | Reached XP level 11. HP: 38/68 MP: 14/14
  7564 | Lair:1   | 7564 ||| INVOKING Heroism.
  7655 | Lair:1   | 7655 ||| INVOKING Heroism.
  7662 | Lair:1   | 7662 ||| RETREEAATING.
  7663 | Lair:1   | 7663 ||| STILL RETREEAATING.
  7666 | Lair:1   | Reached skill level 9 in Fighting
  7672 | Lair:1   | 7672 ||| INVOKING Heroism.
  7739 | Lair:1   | 7739 ||| RIP GAUNTLET
  7740 | Lair:1   | 7740 ||| PLANNING LAIR
  7867 | Lair:1   | 7867 ||| INVOKING Heroism.
  7979 | Lair:1   | 7979 ||| INVOKING Heroism.
  8209 | Lair:1   | 8209 ||| READING 2 scrolls of identify.
  8209 | Lair:1   | 8209 ||| IDENTIFYING glowing puce potion
  8225 | Lair:2   | 8225 ||| Stepping ~*~*~tactically~*~*~ (retreating).
  8226 | Lair:2   | 8226 ||| Stepping ~*~*~tactically~*~*~ (retreating).
  8228 | Lair:2   | 8228 ||| Stepping ~*~*~tactically~*~*~ (retreating).
  8234 | Lair:2   | 8234 ||| Stepping ~*~*~tactically~*~*~ (retreating).
  8235 | Lair:2   | 8235 ||| Stepping ~*~*~tactically~*~*~ (retreating).
  8236 | Lair:2   | 8236 ||| Stepping ~*~*~tactically~*~*~ (retreating).
  8237 | Lair:2   | 8237 ||| Stepping ~*~*~tactically~*~*~ (retreating).
  8238 | Lair:2   | 8238 ||| Stepping ~*~*~tactically~*~*~ (retreating).
  8239 | Lair:2   | 8239 ||| INVOKING Heroism.
  8256 | Lair:2   | HP: 14/71 [elephant (5)]
  8257 | Lair:2   | HP: 6/71 [elephant (8)]
  8263 | Lair:2   | HP: 3/71 [elephant (2)]
  8271 | Lair:2   | 8271 ||| INVOKING Heroism.
  8275 | Lair:2   | HP: 4/71 [elephant (2)]
  8284 | Lair:2   | 8284 ||| INVOKING Heroism.
  8288 | Lair:2   | HP: 4/71 [elephant (3)]
  8562 | Lair:2   | 8562 ||| INVOKING Heroism.
  8609 | Lair:2   | Noticed Urug
  8610 | Lair:2   | 8610 ||| INVOKING Heroism.
  8629 | Lair:2   | HP: 10/71 [Urug/+5 great mace (19)]
  8632 | Lair:2   | Killed Urug
  8998 | Lair:2   | 8998 ||| INVOKING Heroism.
  9012 | Lair:2   | 9012 ||| RETREEAATING.
  9015 | Lair:2   | Reached skill level 6 in Armour
  9022 | Lair:2   | 9022 ||| RETREEAATING.
  9028 | Lair:2   | 9028 ||| STILL RETREEAATING.
  9030 | Lair:2   | 9030 ||| Stepping ~*~*~tactically~*~*~ (retreating).
  9048 | Lair:2   | Reached **** piety under Okawaru
  9139 | Lair:2   | 9139 ||| Stepping ~*~*~tactically~*~*~ (retreating).
  9140 | Lair:2   | 9140 ||| Stepping ~*~*~tactically~*~*~ (retreating).
  9162 | Lair:2   | 9162 ||| FLEEEEING.
  9163 | Lair:2   | 9163 ||| FLEEEEING.
  9164 | Lair:2   | 9164 ||| FLEEEEING.
  9165 | Lair:2   | 9165 ||| FLEEEEING.
  9166 | Lair:2   | 9166 ||| FLEEEEING.
  9167 | Lair:2   | 9167 ||| FLEEEEING.
  9168 | Lair:2   | 9168 ||| FLEEEEING.
  9169 | Lair:2   | 9169 ||| FLEEEEING.
  9273 | Lair:2   | 9273 ||| RETREEAATING.
  9277 | Lair:2   | 9277 ||| STILL RETREEAATING.
  9352 | Lair:2   | 9352 ||| RETREEAATING.
  9353 | Lair:2   | 9353 ||| STILL RETREEAATING.
  9354 | Lair:2   | 9354 ||| STILL RETREEAATING.
  9355 | Lair:2   | 9355 ||| STILL RETREEAATING.
  9357 | Lair:2   | 9357 ||| STILL RETREEAATING.
  9358 | Lair:2   | 9358 ||| STILL RETREEAATING.
  9359 | Lair:2   | 9359 ||| STILL RETREEAATING.
  9360 | Lair:2   | 9360 ||| STILL RETREEAATING.
  9361 | Lair:2   | 9361 ||| STILL RETREEAATING.
  9362 | Lair:2   | 9362 ||| STILL RETREEAATING.
  9363 | Lair:2   | 9363 ||| STILL RETREEAATING.
  9364 | Lair:2   | 9364 ||| STILL RETREEAATING.
  9365 | Lair:2   | 9365 ||| STILL RETREEAATING.
  9366 | Lair:2   | 9366 ||| STILL RETREEAATING.
  9367 | Lair:2   | 9367 ||| STILL RETREEAATING.
  9368 | Lair:2   | 9368 ||| STILL RETREEAATING.
  9369 | Lair:2   | 9369 ||| STILL RETREEAATING.
  9378 | Lair:2   | Reached XP level 12. HP: 71/77 MP: 14/16
  9385 | Lair:2   | 9385 ||| INVOKING Heroism.
  9402 | Lair:2   | Reached skill level 6 in Invocations
  9414 | Lair:2   | Reached skill level 6 in Dodging
  9630 | Lair:2   | Noticed a death yak
  9631 | Lair:2   | 9631 ||| RETREEAATING.
  9632 | Lair:2   | 9632 ||| STILL RETREEAATING.
  9633 | Lair:2   | 9633 ||| STILL RETREEAATING.
  9636 | Lair:2   | 9636 ||| Stepping ~*~*~tactically~*~*~ (retreating).
  9637 | Lair:2   | 9637 ||| Stepping ~*~*~tactically~*~*~ (retreating).
  9638 | Lair:2   | 9638 ||| Stepping ~*~*~tactically~*~*~ (retreating).
  9639 | Lair:2   | 9639 ||| INVOKING Heroism.
  9640 | Lair:2   | Noticed a death yak
  9643 | Lair:2   | Noticed a death yak
  9663 | Lair:2   | Killed a death yak
  9663 | Lair:2   | Reached ***** piety under Okawaru
  9664 | Lair:2   | 9664 ||| INVOKING Finesse.
  9672 | Lair:2   | Killed a death yak
  9686 | Lair:2   | 9686 ||| INVOKING Heroism.
  9687 | Lair:2   | Killed a death yak
 10003 | Lair:2   | 10003 ||| READING 2 scrolls of identify.
 10003 | Lair:2   | 10003 ||| IDENTIFYING pink potion
 10004 | Lair:2   | 10004 ||| DROPPING potion of ambrosia.
 10257 | Lair:3   | 10257 ||| READING scroll of enchant weapon.
 10257 | Lair:3   | 10257 ||| ENCHANTING +1 shortbow of flaming.
 10391 | Lair:3   | Found a staircase to the Shoals.
 10401 | Lair:3   | 10401 ||| INVOKING Heroism.
 10535 | Lair:3   | 10535 ||| DRINKING 2 fuming green potions.
 10540 | Lair:3   | 10540 ||| DROPPING potion of berserk rage.
 10718 | Lair:3   | Found a staircase to the Snake Pit.
 11032 | Lair:4   | 11032 ||| STAIRDANCE
 11416 | Lair:4   | 11416 ||| INVOKING Heroism.
 11874 | Lair:4   | 11874 ||| STAIRDANCE
 11924 | Lair:4   | 11924 ||| STAIRDANCE
 12038 | Lair:4   | 12038 ||| RETREEAATING.
 12039 | Lair:4   | 12039 ||| STILL RETREEAATING.
 12040 | Lair:4   | 12040 ||| STILL RETREEAATING.
 12043 | Lair:4   | Received a gift from Okawaru
 12044 | Lair:4   | Reached skill level 9 in Invocations
 12044 | Lair:4   | 12044 ||| STILL RETREEAATING.
 12046 | Lair:4   | 12046 ||| STILL RETREEAATING.
 12047 | Lair:4   | 12047 ||| STILL RETREEAATING.
 12049 | Lair:4   | 12049 ||| STILL RETREEAATING.
 12289 | Lair:5   | Entered Level 5 of the Lair of Beasts
 12289 | Lair:5   | Noticed an eight-headed hydra
 12290 | Lair:5   | 12290 ||| INVOKING Heroism.
 12291 | Lair:5   | 12291 ||| STAIRDANCE
 12304 | Lair:5   | 12304 ||| STAIRDANCE
 12311 | Lair:4   | HP: 18/80 [eight-headed hydra (12)]
 12312 | Lair:4   | 12312 ||| READING scroll of teleportation.
 12313 | Lair:4   | HP: 7/80 [eight-headed hydra (6)]
 12314 | Lair:4   | Killed an eight-headed hydra
 12580 | Lair:5   | Reached XP level 13. HP: 81/85 MP: 20/20
 12642 | Lair:5   | 12642 ||| INVOKING Heroism.
 12643 | Lair:5   | 12643 ||| INVOKING Finesse.
 12652 | Lair:5   | Reached skill level 12 in Fighting
 12653 | Lair:5   | 12653 ||| RETREEAATING.
 12654 | Lair:5   | 12654 ||| STILL RETREEAATING.
 12655 | Lair:5   | 12655 ||| STILL RETREEAATING.
 12661 | Lair:5   | 12661 ||| STILL RETREEAATING.
 12662 | Lair:5   | 12662 ||| Stepping ~*~*~tactically~*~*~ (retreating).
 12663 | Lair:5   | 12663 ||| Stepping ~*~*~tactically~*~*~ (retreating).
 12664 | Lair:5   | 12664 ||| Stepping ~*~*~tactically~*~*~ (retreating).
 12665 | Lair:5   | 12665 ||| Stepping ~*~*~tactically~*~*~ (retreating).
 12666 | Lair:5   | 12666 ||| Stepping ~*~*~tactically~*~*~ (retreating).
 12705 | Lair:5   | 12705 ||| INVOKING Heroism.
 12706 | Lair:5   | 12706 ||| INVOKING Finesse.
 12783 | Lair:5   | 12783 ||| FLEEEEING.
 12814 | Lair:5   | 12814 ||| FLEEEEING.
 12847 | Lair:5   | 12847 ||| FLEEEEING.
 12864 | Lair:5   | 12864 ||| Stepping ~*~*~tactically~*~*~ (retreating).
 12865 | Lair:5   | 12865 ||| Stepping ~*~*~tactically~*~*~ (retreating).
 12866 | Lair:5   | 12866 ||| Stepping ~*~*~tactically~*~*~ (retreating).
 12867 | Lair:5   | 12867 ||| Stepping ~*~*~tactically~*~*~ (retreating).
 12868 | Lair:5   | 12868 ||| Stepping ~*~*~tactically~*~*~ (retreating).
 12869 | Lair:5   | 12869 ||| Stepping ~*~*~tactically~*~*~ (retreating).
 12872 | Lair:5   | 12872 ||| INVOKING Heroism.
 12908 | Lair:5   | 12908 ||| FLEEEEING.
 12909 | Lair:5   | 12909 ||| FLEEEEING.
 12912 | Lair:5   | 12912 ||| FLEEEEING.
 12913 | Lair:5   | 12913 ||| FLEEEEING.
 12914 | Lair:5   | 12914 ||| FLEEEEING.
 12915 | Lair:5   | 12915 ||| FLEEEEING.
 12916 | Lair:5   | 12916 ||| STAIRDANCE
 13021 | Lair:4   | 13021 ||| READING 6 scrolls of identify.
 13021 | Lair:4   | 13021 ||| IDENTIFYING fuming yellow potion
 13024 | Lair:5   | 13024 ||| INVOKING Heroism.
 13031 | Lair:5   | 13031 ||| STAIRDANCE
 13158 | Lair:5   | Received a gift from Okawaru
 13321 | Lair:5   | 13321 ||| INVOKING Heroism.
 13322 | Lair:5   | 13322 ||| INVOKING Finesse.
 13332 | Lair:5   | 13332 ||| Stepping ~*~*~tactically~*~*~ (retreating).
 13333 | Lair:5   | 13333 ||| Stepping ~*~*~tactically~*~*~ (retreating).
 13489 | Lair:5   | 13489 ||| INVOKING Heroism.
 13494 | Lair:5   | 13494 ||| RETREEAATING.
 13497 | Lair:5   | 13497 ||| Stepping ~*~*~tactically~*~*~ (retreating).
 13498 | Lair:5   | 13498 ||| Stepping ~*~*~tactically~*~*~ (retreating).
 13499 | Lair:5   | 13499 ||| Stepping ~*~*~tactically~*~*~ (retreating).
 13500 | Lair:5   | 13500 ||| Stepping ~*~*~tactically~*~*~ (retreating).
 13501 | Lair:5   | 13501 ||| Stepping ~*~*~tactically~*~*~ (retreating).
 13503 | Lair:5   | 13503 ||| Stepping ~*~*~tactically~*~*~ (retreating).
 13519 | Lair:5   | 13519 ||| INVOKING Heroism.
 13520 | Lair:5   | HP: 22/88 [black mamba (12)]
 13526 | Lair:5   | HP: 18/88 [black mamba (5)]
 13535 | Lair:5   | HP: 16/88 [cane toad (5)]
 13780 | Lair:5   | 13780 ||| Stepping ~*~*~tactically~*~*~ (retreating).
 13784 | Lair:5   | 13784 ||| Stepping ~*~*~tactically~*~*~ (retreating).
 13785 | Lair:5   | 13785 ||| Stepping ~*~*~tactically~*~*~ (retreating).
 13786 | Lair:5   | 13786 ||| Stepping ~*~*~tactically~*~*~ (retreating).
 13787 | Lair:5   | 13787 ||| Stepping ~*~*~tactically~*~*~ (retreating).
 13788 | Lair:5   | 13788 ||| Stepping ~*~*~tactically~*~*~ (retreating).
 13798 | Lair:5   | Reached skill level 9 in Armour
 13810 | Lair:5   | 13810 ||| INVOKING Heroism.
 13815 | Lair:5   | 13815 ||| INVOKING Finesse.
 13891 | Lair:5   | 13891 ||| INVOKING Heroism.
 13896 | Lair:5   | 13896 ||| Stepping ~*~*~tactically~*~*~ (retreating).
 13897 | Lair:5   | 13897 ||| Stepping ~*~*~tactically~*~*~ (retreating).
 13898 | Lair:5   | 13898 ||| Stepping ~*~*~tactically~*~*~ (retreating).
 13899 | Lair:5   | 13899 ||| Stepping ~*~*~tactically~*~*~ (retreating).
 13900 | Lair:5   | 13900 ||| Stepping ~*~*~tactically~*~*~ (retreating).
 13901 | Lair:5   | 13901 ||| Stepping ~*~*~tactically~*~*~ (retreating).
 13902 | Lair:5   | 13902 ||| Stepping ~*~*~tactically~*~*~ (retreating).
 14016 | Lair:5   | Found a staircase to the Slime Pits.
 14026 | Lair:5   | Found a viscous altar of Jiyva.
 14103 | Lair:5   | 14103 ||| RETREEAATING.
 14219 | Lair:5   | 14219 ||| INVOKING Heroism.
 14247 | Lair:5   | 14247 ||| RETREEAATING.
 14275 | Lair:5   | 14275 ||| INVOKING Heroism.
 14287 | Lair:5   | 14287 ||| Stepping ~*~*~tactically~*~*~ (retreating).
 14288 | Lair:5   | 14288 ||| Stepping ~*~*~tactically~*~*~ (retreating).
 14289 | Lair:5   | 14289 ||| Stepping ~*~*~tactically~*~*~ (retreating).
 14290 | Lair:5   | 14290 ||| Stepping ~*~*~tactically~*~*~ (retreating).
 14291 | Lair:5   | 14291 ||| Stepping ~*~*~tactically~*~*~ (retreating).
 14292 | Lair:5   | 14292 ||| Stepping ~*~*~tactically~*~*~ (retreating).
 14293 | Lair:5   | 14293 ||| Stepping ~*~*~tactically~*~*~ (retreating).
 14335 | Lair:5   | Identified the staff "Byebe" {rN+ Will++ Dex+3 Necro}
 14355 | Lair:5   | 14355 ||| INVOKING Heroism.
 14362 | Lair:5   | 14362 ||| Stepping ~*~*~tactically~*~*~ (retreating).
 14370 | Lair:5   | 14370 ||| INVOKING Heroism.
 14385 | Lair:5   | 14385 ||| Stepping ~*~*~tactically~*~*~ (retreating).
 14386 | Lair:5   | 14386 ||| Stepping ~*~*~tactically~*~*~ (retreating).
 14387 | Lair:5   | 14387 ||| Stepping ~*~*~tactically~*~*~ (retreating).
 14388 | Lair:5   | 14388 ||| Stepping ~*~*~tactically~*~*~ (retreating).
 14389 | Lair:5   | 14389 ||| Stepping ~*~*~tactically~*~*~ (retreating).
 14416 | Lair:5   | 14416 ||| INVOKING Heroism.
 14422 | Lair:5   | Gained mutation: Your large and strong wings let you fly.
                  | [Gargoyle growth]
 14422 | Lair:5   | Reached XP level 14. HP: 55/95 MP: 18/21
 14507 | Lair:5   | 14507 ||| INVOKING Heroism.
 14559 | Lair:5   | 14559 ||| INVOKING Heroism.
 14869 | Lair:5   | 14869 ||| INVOKING Heroism.
 14905 | Lair:5   | 14905 ||| PLANNING D:1-11
 14905 | Lair:5   | 14905 ||| UPGRADING to +0 robe of fire resistance.
 14915 | Lair:5   | 14915 ||| READING scroll labelled COIBOZ QAUF.
 14916 | Lair:5   | 14916 ||| READING scroll labelled ODWIASUTAL.
 14917 | Lair:5   | 14917 ||| DRINKING 2 metallic orange potions.
 15075 | D:9      | 15075 ||| STAIRDANCE
 15094 | D:9      | 15094 ||| STAIRDANCE
 15137 | D:9      | 15137 ||| STAIRDANCE
 15143 | D:8      | 15143 ||| INVOKING Heroism.
 15392 | D:9      | Found an ancient bone altar of Kikubaaqudgha.
 15633 | D:9      | Found a staircase to the Orcish Mines.
 15640 | D:9      | 15640 ||| DROPPING +0 ring mail.
 15641 | D:9      | 15641 ||| UPGRADING to +0 steam dragon scales.
 15660 | D:10     | Entered Level 10 of the Dungeon
 15666 | D:10     | 15666 ||| STAIRDANCE
 15751 | D:10     | 15751 ||| FLEEEEING.
 15794 | D:10     | 15794 ||| INVOKING Heroism.
 15997 | D:10     | Reached skill level 9 in Dodging
 16320 | D:10     | 16320 ||| READING 10 scrolls of identify.
 16320 | D:10     | 16320 ||| IDENTIFYING clear potion
 16321 | D:10     | 16321 ||| DROPPING potion of attraction.
 16762 | D:11     | 16762 ||| READING scroll of enchant weapon.
 16762 | D:11     | 16762 ||| ENCHANTING +2 shortbow of flaming.
 16775 | D:11     | 16775 ||| INVOKING Heroism.
 17170 | D:11     | 17170 ||| PLANNING D
 17170 | D:11     | 17170 ||| UPGRADING to +0 troll leather armour.
 17180 | D:11     | 17180 ||| DROPPING +0 steam dragon scales.
 17181 | D:11     | 17181 ||| UPGRADING to scarf of repulsion.
 17216 | D:12     | 17216 ||| READING scroll of enchant armour.
 17216 | D:12     | 17216 ||| ENCHANTING +1 pair of gloves.
 17450 | D:12     | 17450 ||| RETREEAATING.
 17451 | D:12     | 17451 ||| STILL RETREEAATING.
 17452 | D:12     | 17452 ||| Stepping ~*~*~tactically~*~*~ (retreating).
 17453 | D:12     | 17453 ||| Stepping ~*~*~tactically~*~*~ (retreating).
 17459 | D:12     | 17459 ||| Stepping ~*~*~tactically~*~*~ (retreating).
 17462 | D:12     | 17462 ||| Stepping ~*~*~tactically~*~*~ (retreating).
 17482 | D:12     | 17482 ||| READING scroll of teleportation.
 17483 | D:12     | 17483 ||| INVOKING Heroism.
 17604 | D:12     | 17604 ||| RETREEAATING.
 17605 | D:12     | 17605 ||| STILL RETREEAATING.
 17606 | D:12     | 17606 ||| Stepping ~*~*~tactically~*~*~ (retreating).
 17607 | D:12     | 17607 ||| Stepping ~*~*~tactically~*~*~ (retreating).
 17608 | D:12     | 17608 ||| Stepping ~*~*~tactically~*~*~ (retreating).
 17609 | D:12     | 17609 ||| Stepping ~*~*~tactically~*~*~ (retreating).
 17610 | D:12     | 17610 ||| Stepping ~*~*~tactically~*~*~ (retreating).
 17611 | D:12     | 17611 ||| STILL RETREEAATING.
 17615 | D:12     | 17615 ||| INVOKING Heroism.
 17620 | D:12     | HP: 5/96 [enormous slime creature (64)]
 17629 | D:12     | Annihilated by an enormous slime creature

Levels and vault maps discovered:
D:1:      heliophobic_arrival_dark_side_of_the_moon, layout_basic
D:2:      layout_rooms, corner_web_ring
D:3:      layout_basic, shapermc_ecumenical_altar_ellora
D:4:      layout_rooms, minmay_temple_entry_glass, serial_shops,
          nicolae_lakefront_shop, nicolae_shop_peninsula,
          nicolae_shop_pleasant_corner_grove, shop, dreamdust_princess_bridge,
          uniq_ijyb, uniq_robin
D:5:      layout_rooms
D:6:      layout_loops_cross
D:7:      layout_loops_corners, kennysheep_generic_room_8
D:8:      layout_layer_cave, nemelex_spade_bored_becter,
          due_lair_maze_entry_diamond
D:9:      layout_basic, kiku_gazebo_pond_becter, orc_0_dummy, moated_statue
D:10:     layout_long_grid
D:11:     layout_basic
D:12:     layout_layer_cave
Temple:   nicolae_temple_bog_church
Lair:1:   layout_hall_layers, gauntlet_entry_generic, wad_woods_road_03,
          grunt_forest_stairs_basic
Lair:2:   layout_cave_pods, grunt_megastairs_4, infiniplex_staircase_pool,
          uniq_urug
Lair:3:   layout_roguey, minmay_shoals_entry_hut, alex1729_snake_entry_snake,
          serial_bayou_shore_a
Lair:4:   layout_small_grid, lemuel_fruit_tree
Lair:5:   minmay_lair_end_enchanted_forest, layout_regular_city,
          nicolae_slime_entry_field_trip

Skill      XL: |  1  2  3  4  5  6  7  8  9 10 11 12 13 14 |
---------------+-------------------------------------------+-----
Ranged Weapons | 5 6 8 9 10 13 14 | 14.0
Fighting       | 3 4 6 7 8 10 11 13 14 | 14.1
Dodging        | 2 3 4 5 6 8 9 |  9.5
Armour         | 1 2 3 4 5 6 7 9 |  9.0
Invocations    | 3 4 5 9 10 | 10.1
Stealth        | |  1.1

Action                     |  1- 3 |  4- 6 |  7- 9 | 10-12 | 13-15 || total
---------------------------+-------+-------+-------+-------+-------++-------
  Melee: Unarmed           |       |       |     8 |       |       ||     8
   Fire: Shortbow          |    86 |   149 |   431 |   766 |   817 ||  2249
 Invoke: Heroism           |       |       |    11 |    24 |    22 ||    57
         Finesse           |       |       |       |     1 |     4 ||     5
    Use: Scroll            |     2 |     3 |    10 |     4 |     7 ||    26
         Potion            |     2 |     3 |     7 |     1 |     1 ||    14
 Armour: Leather armour    |    30 |    60 |     1 |       |       ||    91
         Ring mail         |       |       |   188 |   340 |   291 ||   819
         Skin              |       |       |     2 |       |       ||     2
         Steam dragon scal |       |       |       |       |    23 ||    23
         Robe              |       |       |       |       |    16 ||    16
         Troll leather arm |       |       |       |       |     7 ||     7
  Dodge: Dodged            |    17 |    63 |   137 |   329 |   483 ||  1029

Table legend:
 A = Non-vault XP
 B = Vault XP
 C = Vault XP percentage of total XP
 D = Non-vault monster count
 E = Vault monster count
 F = Vault count percentage of total count
                 A         B        C        D         E       F
            +---------+---------+-------+---------+---------+-------
      Total |   51065 |   14363 |  22.0 |     332 |      78 |  19.0
            +---------+---------+-------+---------+---------+-------
        D:1 |      45 |       0 |   0.0 |      17 |       0 |   0.0
        D:2 |      40 |       0 |   0.0 |      16 |       0 |   0.0
        D:3 |     234 |       0 |   0.0 |      22 |       0 |   0.0
        D:4 |     498 |      70 |  12.3 |      21 |      12 |  36.4
        D:5 |     477 |       0 |   0.0 |      16 |       0 |   0.0
        D:6 |    1155 |       0 |   0.0 |      31 |       0 |   0.0
        D:7 |    1188 |      41 |   3.3 |      12 |       1 |   7.7
        D:8 |    2506 |    1277 |  33.8 |      23 |      10 |  30.3
        D:9 |     938 |       0 |   0.0 |       9 |       0 |   0.0
       D:10 |    2751 |       0 |   0.0 |      20 |       0 |   0.0
       D:11 |    3555 |       0 |   0.0 |      13 |       0 |   0.0
       D:12 |    1032 |       0 |   0.0 |       6 |       0 |   0.0
     Lair:1 |    4933 |     119 |   2.4 |      22 |       1 |   4.3
     Lair:2 |    7886 |    3622 |  31.5 |      29 |       5 |  14.7
     Lair:3 |    1214 |    1261 |  50.9 |      10 |       5 |  33.3
     Lair:4 |    5884 |       0 |   0.0 |      21 |       0 |   0.0
     Lair:5 |   16729 |    7973 |  32.3 |      44 |      44 |  50.0
            +---------+---------+-------+---------+---------+-------
